 Dungeon Crawl Stone Soup version 0.30-a0-358-g0d69a1922f (webtiles) character file.

Game seed: 11430958681129460671

212 Sweetruy1997 the Chopper (level 5, -3/46 HPs)
             Began as a Hill Orc Monk on Nov 10, 2022.
             Killed from afar by Blork the orc (4 damage)
             ... with a magic dart
             ... on level 4 of the Dungeon.
             The game lasted 00:10:14 (3476 turns).

Sweetruy1997 the Chopper (Hill Orc Monk)            Turns: 3476, Time: 00:10:15

Health: -3/46      AC:  5    Str: 14    XL:     5   Next: 90%
Magic:  2/5        EV: 12    Int: 10    God:
Gold:   305        SH:  0    Dex: 15    Spells: 1/4 levels left

rFire   . . .      SeeInvis .    a - +0 hand axe
rCold   . . .      Faith    .    (no shield)
rNeg    . . .      Spirit   .    t - +0 leather armour
rPois   .          Reflect  .    u - +0 hat
rElec   .          Harm     .    (no cloak)
rCorr   .          Rampage  .    k - +0 pair of gloves
Will    .....                    p - +0 pair of boots
Stlth   ++........               (no amulet)
HPRegen 0.27/turn                (no ring)
MPRegen 0.09/turn                (no ring)

@: attractive
A: no striking features
a: no special abilities


You were on level 4 of the Dungeon.
You visited 1 branch of the dungeon, and saw 4 of its levels.

You collected 305 gold pieces.

Inventory:

Hand Weapons
 a - a +0 hand axe (weapon)
Missiles
 o - 2 silver javelins (quivered)
Armour
 k - a +0 pair of gloves (worn)
 p - a +0 pair of boots (worn)
 t - a +0 leather armour (worn)
 u - a +0 hat (worn)
Wands
 b - a wand of charming (3)
Scrolls
 d - a scroll of poison {unknown}
 h - 2 scrolls of teleportation {unknown}
 j - 2 scrolls of enchant weapon {unknown}
 l - 2 scrolls of vulnerability {unknown}
 m - 2 scrolls of summoning {unknown}
 s - 3 scrolls of identify {unknown}
 v - a scroll of amnesia {unknown}
 w - a scroll of magic mapping {unknown}
Potions
 c - a potion of ambrosia
 e - 3 potions of heal wounds {unknown}
 f - a potion of degeneration {unknown}
 i - 2 potions of haste {unknown}
 n - a potion of invisibility {unknown}
 q - 2 potions of curing
 r - 2 potions of flight {unknown}


   Skills:
 - Level 4.0 Fighting
 + Level 6.5 Axes
 + Level 0.6 Throwing
 + Level 1.7 Armour
 + Level 3.1 Dodging
 - Level 2.0 Stealth
 + Level 0.1 Translocations


You had one spell level left.
You knew the following spells:

 Your Spells              Type           Power      Damage    Failure   Level
a - Teleport Other        Tloc           0%         N/A       80%         3

Your spell library contained the following spells:

 Spells                   Type           Power      Damage    Failure   Level
 Freeze                   Ice            0%         1d3       43%         1
 Blink                    Tloc           0%         N/A       56%         2
 Momentum Strike          Conj/Tloc      0%         3d8       56%         2
 Frozen Ramparts          Ice            0%         1d1       80%         3
 Gell's Gravitas          Tloc           0%         N/A       80%         3
 Hailstorm                Conj/Ice       0%         3d3       80%         3
 Lesser Beckoning         Tloc           0%         N/A       80%         3
 Summon Guardian Golem    Hex/Summ       0%         N/A       80%         3
 Orb of Destruction       Conj           0%         9d5       100%        7
 Spellforged Servitor     Conj/Summ      0%         N/A       100%        7


Dungeon Overview and Level Annotations

Branches:
Dungeon (4/15)
 Temple: D:4-7

Altars:
Cheibriados
Makhleb

Shops:
D:3 [

Annotations:
D:4 Blork the orc


Message History

You pick up a book of Spatial Translocations and begin reading...
You add the spells Blink and Momentum Strike to your library.
Okay, then.
Blork the orc comes into view.
He is wielding a +0 battleaxe of electrocution and wearing a +1 robe of willpower.
Blork the orc casts a spell at you. The magic dart hits you!
Blork the orc screams, "I'll break your legs!"
Blork the orc closely misses you.
Casting: Teleport Other (quite dangerous; 80% risk of failure)
Confirm with . or Enter, or press ? or * to list all spells.
The spell is quite dangerous to miscast (80% risk of failure)!
Continue anyway?
Aiming: Teleport Other (quite dangerous; 80% risk of failure)
Press: ? - help, Shift-Dir - straight line, f - Blork the orc
Aim: Blork the orc, wielding a +0 battleaxe of electrocution and wearing a +1 robe of willpower (chance to affect: 8%) Blork the orc resists with almost no effort.
Blork the orc misses you.
You closely miss Blork the orc.
Blork the orc mumbles some strange words.
Blork the orc seems to speed up.
You hit Blork the orc but do no damage. Blork the orc closely misses you.
You barely miss Blork the orc.
Blork the orc hits you with a +0 battleaxe of electrocution!
You are electrocuted!!
* * * LOW HITPOINT WARNING * * *
Blork the orc hits you with a +0 battleaxe of electrocution.
* * * LOW HITPOINT WARNING * * *
It was a potion of curing.
You feel better. Blork the orc barely misses you.
You hit Blork the orc.
Blork the orc is lightly wounded.
Blork the orc misses you. Blork the orc barely misses you.
You barely miss Blork the orc.
Blork the orc is lightly wounded.
Blork the orc hits you with a +0 battleaxe of electrocution!
* * * LOW HITPOINT WARNING * * *
It was a potion of attraction.
You feel attractive to monsters. Blork the orc barely misses you.
Blork the orc points at you and mumbles some strange words.
The magic dart hits you.
You die...

# #.# # #.# # #.# # #.# #
#.# ## #### ####.# #.. $.#
.....# .. #.#########
###### #.##.##......# #
#.o@.......# # ###
####.#.....# # #..
#.#.....# # #.# ..#.....#
## #.######## ####.....#.#
.# #........#######......#
.# #..#####.....# ##.#####
.####..#####.....# #.#
<......##........####.####


You could see Blork the orc (fast).

Vanquished Creatures
  Natasha (twice) (D:4)
  4 adders
  A white imp (D:4)
  2 worms
  3 dart slugs
  9 orcs
  7 bats
  8 endoplasms
  4 giant cockroaches
  8 goblins
  10 hobgoblins
  7 jackals
  10 kobolds
  3 quokkas
  5 ball pythons
  3 frilled lizards
  2 rats
88 creatures vanquished.

Notes
Turn   | Place    | Note
-------+----------+-------------------------------------------
     0 | D:1      | Sweetruy1997 the Hill Orc Monk began the quest for the Orb.
     0 | D:1      | Reached XP level 1. HP: 19/19 MP: 1/1
   125 | D:1      | Reached XP level 2. HP: 27/27 MP: 2/2
   587 | D:1      | Reached XP level 3. HP: 29/33 MP: 3/3
  1001 | D:2      | Reached skill level 5 in Axes
  1535 | D:3      | Reached XP level 4. HP: 29/40 MP: 4/4
  1899 | D:3      | Found Sitoir's Armour Emporium.
  2096 | D:3      | Found a burning altar of Makhleb.
  2634 | D:4      | Reached XP level 5. HP: 42/46 MP: 5/5
  2719 | D:4      | Reached skill level 6 in Axes
  2719 | D:4      | Reached skill level 1 in Armour
  2898 | D:4      | Found a snail-covered altar of Cheibriados.
  2978 | D:4      | Learned a level 3 spell: Teleport Other
  3198 | D:4      | Noticed Natasha
  3207 | D:4      | Killed Natasha
  3256 | D:4      | Noticed Natasha
  3282 | D:4      | Killed Natasha
  3465 | D:4      | Noticed Blork the orc
  3475 | D:4      | HP: 1/46 [Blork the orc/+0 battleaxe of electrocution (15)]
  3476 | D:4      | Killed from afar by Blork the orc

Illustrated notes

Levels and vault maps discovered:
D:1:      amcnicky_arrival_abandoned_market, layout_rooms, minmay_domino_2
D:2:      layout_loops_ring
D:3:      cheibrodos_greedy_goblins, layout_loops_cross,
          nicolae_overflow_crystal_walls, serial_shops, nicolae_shop_crystal,
          patterned_corridor
D:4:      layout_loops_cross, slow_altar_1, corexii_item_surrounded_by_moat,
          uniq_natasha, uniq_blork_the_orc

Skill      XL: |  1  2  3  4  5 |
---------------+----------------+-----
Fighting       | 4 |  4.0
Axes           | 5 6 |  6.5
Dodging        | 3 |  3.1
Armour         | 1 |  1.7
Stealth        | 2 |  2.0
Throwing       | |  0.6
Translocations | |  0.1

Action                   |  1- 3 |  4- 6 || total
-------------------------+-------+-------++-------
Melee: Hand axe          |   135 |   167 ||   302
Throw: Javelin           |       |    18 ||    18
 Cast: Teleport Other    |       |     2 ||     2
  Use: Potion            |       |     2 ||     2
       Scroll            |       |     1 ||     1
 Stab: Sleeping          |     7 |     1 ||     8
Armor: Robe              |    36 |       ||    36
       Leather armour    |     6 |    47 ||    53
Dodge: Dodged            |   109 |    92 ||   201

Table legend: (Time is in decaauts)
 A = Elapsed time spent in this place.
 B = Non-inter-level travel time spent in this place.
 C = Inter-level travel time spent in this place.
 D = Time resting spent in this place.
 E = Time spent auto-exploring this place.
 F = Levels seen in this place.
 G = Mean time per level.
                   A        B        C        D        E       F      G
               +--------+--------+--------+--------+--------+-----+--------+
         Total |   3510 |   3316 |    194 |    152 |   2472 |   4 |  877.5 |
       Dungeon |   3510 |   3316 |    194 |    152 |   2472 |   4 |  877.5 |
               +--------+--------+--------+--------+--------+-----+--------+

Top non-repeatable levels by time:
     D:3: 1117 daAuts
     D:4: 887 daAuts
     D:2: 819 daAuts
     D:1: 685 daAuts
